 Dungeon Sprint DCSS version 0.28.0-53-g5a82cb258f (webtiles) character file.

Game seed: 16808492675544444823

8711 Zeld the Thaumaturge (level 11, -6/76 HPs)
             Began as a Deep Elf Conjurer on May 29, 2022.
             Was a High Priest of Sif Muna.
             Mangled by a ghost moth (11 damage)
             ... in the Dungeon (Sprint IV: "Fedhas' Mad Dash").
             The game lasted 00:08:49 (5137 turns).

Zeld the Thaumaturge (Deep Elf Conjurer)            Turns: 5137, Time: 00:08:50

Health: -6/76      AC:  2    Str:  4      XL:     11   Next: 13%
Magic:  0/31       EV: 15    Int: 28      God:    Sif Muna [*****.]
Gold:   5          SH:  0    Dex: 12 (13) Spells: 15/38 levels left

rFire   + . .      SeeInvis .   a - staff of fire
rCold   . . .      Faith    .   (no shield)
rNeg    . . .      Spirit   .   q - +0 robe
rPois   .          Reflect  .   (no helmet)
rElec   .          Harm     .   (no cloak)
rCorr   +          Rampage  .   (no gloves)
Will    +....      NoTele   +   (no boots)
Stlth   ++++......              i - amulet of invisibility {+Inv}
HPRegen 0.22/turn               j - ring of resist corrosion
MPRegen 0.22/turn               (no ring)

@: no status effects
A: no striking features
a: Renounce Religion, Evoke Invisibility, Channel Magic, Forget Spell, Divine
Exegesis


You were in the Dungeon.
You worshipped Sif Muna.
Sif Muna was extremely pleased with you.
You visited 1 branch You collected 233 gold pieces.
You spent 228 gold pieces at shops.

Inventory:

Armour
 q - a +0 robe (worn)
Magical Staves
 a - a staff of fire (weapon)
Jewellery
 i - the amulet of invisibility (around neck) {+Inv}
   (You found it in the Dungeon)

   [amulet of nothing]

   +Inv:      It lets you turn invisible.
 j - a ring of resist corrosion (left hand)
Scrolls
 g - a scroll of blinking
 k - a scroll of fear
 l - a scroll of identify
 o - 2 scrolls of enchant armour
 p - a scroll of magic mapping
Potions
 b - 4 potions of curing
 d - a potion of haste
 e - 2 potions of magic
 f - a potion of berserk rage
 h - a potion of resistance {unknown}
 m - a potion of mutation {unknown}
 n - a potion of degeneration {unknown}


   Skills:
 - Level 12.0 Fighting
 - Level 8.0 Dodging
 - Level 8.0 Stealth
 - Level 14.0 Spellcasting
 - Level 14.0 Conjurations
 - Level 2.0 Hexes
 - Level 2.0 Translocations
 * Level 11.5 Fire Magic
 * Level 0.0 Air Magic
 - Level 12.0 Invocations


You had 15 spell levels left.
You knew the following spells:

 Your Spells              Type           Power      Damage    Failure   Level
a - Magic Dart            Conj           100%       1d8       0%          1
b - Searing Ray           Conj           100%       2d8       0%          2
c - Fulminant Prism       Conj/Hex       29%        3d14      1%          4
d - Iskenderun's Mystic   Conj/Tloc      59%        2d12      1%          4
e - Chain Lightning       Conj/Air       28%        3d37      100%        9
z - Dazzling Flash        Conj/Hex       100%       N/A       1%          3

Your spell library contained the following spells:

 Spells                   Type           Power      Damage    Failure   Level
 Slow                     Hex            100%       N/A       1%          1
 Conjure Flame            Conj/Fire      95%        6-21      1%          3
 Mephitic Cloud           Conj/Pois/Air  45%        N/A       1%          3
 Stone Arrow              Conj/Erth      100%       3d13      1%          3
 Starburst                Conj/Fire      47%        6d13      2%          6
 Confusing Touch          Hex            30%        N/A       3%          3
 Portal Projectile        Hex/Tloc       60%        N/A       3%          3
 Vampiric Draining        Necr           19%        2d7       8%          3
 Conjure Ball Lightning   Conj/Air       28%        3x3d8     22%         6
 Silence                  Hex/Air        12%        N/A       43%         5
 Summon Mana Viper        Hex/Summ       25%        N/A       43%         5
 Agony                    Necr           19%        N/A       58%         5
 Ignition                 Fire           45%        3d13      83%         8


Dungeon Overview and Level Annotations

Branches:
Dungeon (1/1)

Altars:
Cheibriados
Dithmenos
Elyvilon
Gozag
Hepliaklqana
Kikubaaqudgha
Makhleb
Nemelex Xobeh
Okawaru
Qazlal
Ru
Sif Muna
Trog
Uskayaw
Vehumet
Wu Jian
Xom
Yredelemnul
Zin
The Shining One
Beogh
Jiyva
Lugonu

Shops:
D ?=[((!?:


Message History

The mystic blast hits the bush!
The bush is moderately damaged.
Casting: Iskenderun's Mystic Blast (dangerous; 1% risk of failure)
Confirm with . or Enter, or press ? or * to list all spells.
You can't see any susceptible monsters within range! (Use Z to cast anyway.)
Casting: Iskenderun's Mystic Blast (dangerous; 1% risk of failure)
Confirm with . or Enter, or press ? or * to list all spells.
Aiming: Searing Ray (safe; 0% risk of failure)
Press: ? - help, Shift-Dir - straight line, f/p - hornet
Aim: a hornet (almost dead, 74% to hit)
The searing ray hits the hornet!
You kill the hornet!
Sif Muna accepts your kill. (Press . to maintain the ray.)
Casting: Searing Ray (safe; 0% risk of failure)
Confirm with . or Enter, or press ? or * to list all spells.
You can't see any susceptible monsters within range! (Use Z to cast anyway.) Unknown command.
You start resting.
You feel you are being watched by something.
You feel your power leaking away.
You start resting.
You feel you are being watched by something.
You feel your power leaking away.
You start resting.
You feel you are being watched by something.
You feel your power leaking away. Something hits you!!
Deactivating autopickup; reactivate with Ctrl-A.
Something hits you!
* * * LOW HITPOINT WARNING * * *
Something stings you.
* * * LOW HITPOINT WARNING * * *
You feel much better.
You feel you are being watched by something.
Something hits you!!
* * * LOW HITPOINT WARNING * * *
You feel clumsy. Something hits you!
You die...

.......'...#._._._._._.⌠.########
.♣.....#...###################...
♣..♣..######♣♣♣♣♣..♣)###.'.)'....
#'######..'......♣).♣##..#..#....
..'.......#♣..♣♣♣.♣..###.##)##...
###.......#.♣♣..♣...♣'...#♣.♣####
##########################.)...##
.................# ###..♣).♣...
.............†.†@#####...♣......♣
...............P...)......♣.....∩
...................##############
#####+##############


There were no monsters in sight!

Vanquished Creatures
  Agnes (D)
  A spriggan defender (D)
  A spriggan berserker (D)
  A spriggan druid (D)
  6 oklob plants (D)
  2 demonic crawlers (D)
  3 burning bushes (D)
  A queen bee (D)
  3 wandering mushrooms (D)
  3 hornets (D)
  3 scorpions (D)
  4 killer bees (D)
  5 oklob saplings (D)
  7 spriggans (D)
  A river rat (D)
  A rat (D)
  A ballistomycete spore (D)
  A bush (D)
45 creatures vanquished.

Vanquished Creatures (others)
  A ballistomycete spore (D)
  A bush (D)
  18 fulminant prisms (D)
  2 fungi (D)
22 creatures vanquished.

Grand Total: 67 creatures vanquished

Notes
Turn   | Place    | Note
-------+----------+-------------------------------------------
     0 | D        | Zeld the Deep Elf Conjurer began the quest for the Orb.
     0 | D        | Reached XP level 1. HP: 10/10 MP: 6/6
   139 | D        | Reached skill level 5 in Conjurations
   139 | D        | Reached XP level 2. HP: 15/15 MP: 3/9
   145 | D        | Learned a level 2 spell: Searing Ray
   323 | D        | Noticed an oklob sapling
   327 | D        | Killed an oklob sapling
   328 | D        | Reached XP level 3. HP: 5/19 MP: 4/13
   650 | D        | Learned a level 3 spell: Dazzling Flash
   650 | D        | Noticed a scorpion
   650 | D        | Found the amulet of invisibility {+Inv}
   652 | D        | Killed a scorpion
   653 | D        | Reached XP level 4. HP: 19/24 MP: 10/16
   817 | D        | Learned a level 4 spell: Fulminant Prism
   822 | D        | Learned a level 4 spell: Iskenderun's Mystic Blast
  1189 | D        | Found an opulent altar of Gozag.
  1189 | D        | Found a hazy altar of Hepliaklqana.
  1189 | D        | Found a snail-covered altar of Cheibriados.
  1192 | D        | Found a burning altar of Makhleb.
  1192 | D        | Found a sparkling altar of Nemelex Xobeh.
  1192 | D        | Found a sacrificial altar of Ru.
  1192 | D        | Found a shimmering blue altar of Sif Muna.
  1192 | D        | Found a shimmering altar of Xom.
  1192 | D        | Found a basalt altar of Yredelemnul.
  1196 | D        | Found a viscous altar of Jiyva.
  1196 | D        | Found a bloodstained altar of Trog.
  1196 | D        | Found an ornate altar of the Wu Jian Council.
  1197 | D        | Found an iron altar of Okawaru.
  1197 | D        | Found a shadowy altar of Dithmenos.
  1197 | D        | Found a glowing silver altar of Zin.
  1198 | D        | Found a hide-covered altar of Uskayaw.
  1198 | D        | Found an ancient bone altar of Kikubaaqudgha.
  1199 | D        | Found a glowing golden altar of the Shining One.
  1199 | D        | Found a stormy altar of Qazlal.
  1199 | D        | Found a white marble altar of Elyvilon.
  1200 | D        | Found a radiant altar of Vehumet.
  1200 | D        | Found a corrupted altar of Lugonu.
  1202 | D        | Became a worshipper of Sif Muna the Loreminder
  1209 | D        | Reached skill level 10 in Spellcasting
  1209 | D        | Reached XP level 5. HP: 28/28 MP: 9/19
  1283 | D        | Reached skill level 10 in Conjurations
  1524 | D        | Reached * piety under Sif Muna
  1529 | D        | Reached XP level 6. HP: 20/32 MP: 6/23
  1747 | D        | Found Ozac's Jewellery Shop.
  1747 | D        | Found Posmeug's Magic Scroll Emporium.
  1751 | D        | Bought a scroll of fear for 38 gold pieces
  1751 | D        | Bought a scroll of identify for 22 gold pieces
  1854 | D        | Noticed a burning bush
  1854 | D        | Noticed a wandering mushroom
  1857 | D        | Reached ** piety under Sif Muna
  1858 | D        | Reached skill level 1 in Hexes
  1858 | D        | Reached skill level 1 in Translocations
  1858 | D        | Killed a wandering mushroom
  1858 | D        | Noticed a wandering mushroom
  1859 | D        | Reached XP level 7. HP: 36/36 MP: 15/26
  1861 | D        | Killed a wandering mushroom
  1862 | D        | Killed a burning bush
  1863 | D        | Reached XP level 8. HP: 44/44 MP: 8/28
  2046 | D        | Found Qucar's Distillery.
  2046 | D        | Found Roffosom's Weapon Shoppe.
  2054 | D        | Bought a potion of curing for 36 gold pieces
  2090 | D        | Noticed a queen bee
  2094 | D        | Reached *** piety under Sif Muna
  2098 | D        | Reached skill level 5 in Stealth
  2099 | D        | Killed a queen bee
  2099 | D        | Reached **** piety under Sif Muna
  2100 | D        | Reached skill level 5 in Dodging
  2214 | D        | Noticed an oklob plant
  2487 | D        | Killed an oklob plant
  2488 | D        | Reached skill level 5 in Fighting
  2568 | D        | Noticed a burning bush
  2580 | D        | Killed a burning bush
  2581 | D        | Reached XP level 9. HP: 41/54 MP: 14/29
  2593 | D        | Identified the +3 pair of gloves of Entitlement {Harm Dex-5
                  | Slay+3}
  2651 | D        | Noticed a burning bush
  2651 | D        | Noticed an oklob plant
  2657 | D        | Killed a burning bush
  2657 | D        | Noticed a wandering mushroom
  2663 | D        | Killed an oklob plant
  2663 | D        | Reached ***** piety under Sif Muna
  2666 | D        | Killed a wandering mushroom
  2950 | D        | Noticed a spriggan druid
  2958 | D        | Killed a spriggan druid
  2959 | D        | Reached skill level 10 in Invocations
  3025 | D        | Noticed an oklob plant conjurer
  3031 | D        | Killed an oklob plant conjurer
  3031 | D        | Received a gift from Sif Muna
  3034 | D        | Got Sif Muna's Volume of the Captivating Blaze {god gift}
  3094 | D        | Noticed an oklob plant
  3094 | D        | Noticed an oklob plant summoner
  3097 | D        | Noticed Agnes
  3104 | D        | Noticed an oklob plant shifter
  3219 | D        | Killed an oklob plant
  3220 | D        | Reached XP level 10. HP: 65/65 MP: 18/30
  3225 | D        | Killed an oklob plant summoner
  3361 | D        | Killed an oklob plant shifter
  3378 | D        | Learned a level 6 spell: Starburst
  3387 | D        | Learned a level 8 spell: Ignition
  3414 | D        | Reached skill level 5 in Fire Magic
  3635 | D        | Noticed a spriggan rider
  3869 | D        | Found Cumeg's Magic Scroll Emporium.
  3872 | D        | Found Xymaejus's Book Shoppe.
  3892 | D        | Bought a scroll of magic mapping for 42 gold pieces
  3892 | D        | Bought a scroll of enchant armour for 90 gold pieces
  3902 | D        | Got the Compendium of Confrontation
  3928 | D        | Noticed a spriggan berserker
  3932 | D        | Noticed a spriggan defender
  3934 | D        | Killed Agnes
  3935 | D        | Reached skill level 10 in Fighting
  3935 | D        | Killed a spriggan berserker
  3935 | D        | Received a gift from Sif Muna
  3942 | D        | Killed a spriggan defender
  3943 | D        | Reached skill level 10 in Fire Magic
  3943 | D        | Reached XP level 11. HP: 10/75 MP: 15/31
  4170 | D        | Found Badoesy's Armour Emporium.
  4239 | D        | Found Usaoc's Weapon Shoppe.
  4409 | D        | Noticed a spriggan rider
  5013 | D        | Received a gift from Sif Muna
  5016 | D        | Got Sif Muna's Tome of Conjuration {god gift}
  5027 | D        | Learned a level 9 spell: Chain Lightning
  5137 | D        | Mangled by a ghost moth

Illustrated notes

Levels and vault maps discovered:
D:        dungeon_sprint_fedhas [sprint_temple]

Skill      XL: |  1  2  3  4  5  6  7  8  9 10 11 |
---------------+----------------------------------+-----
Spellcasting   | 4 6 8 10 12 14 | 14.0
Conjurations   | 5 6 8 9 10 12 14 | 14.0
Hexes          | 2 |  2.0
Translocations | 2 |  2.0
Dodging        | 4 6 8 |  8.0
Stealth        | 4 7 8 |  8.0
Invocations    | 3 7 11 12 | 12.0
Fighting       | 2 5 8 11 12 | 12.0
Fire Magic     | 3 10 11 | 11.5

Action                   |  1- 3 |  4- 6 |  7- 9 | 10-12 || total
-------------------------+-------+-------+-------+-------++-------
 Cast: Magic Dart        |     6 |       |     3 |       ||     9
       Searing Ray       |     2 |     6 |    18 |    14 ||    40
       Iskenderun's Myst |       |     2 |     8 |    24 ||    34
       Dazzling Flash    |       |     1 |     1 |       ||     2
       Fulminant Prism   |       |     1 |    10 |     7 ||    18
Invok: Channel Magic     |       |       |       |     1 ||     1
       Forget Spell      |       |       |       |     2 ||     2
 Abil: Evoke Invisibilit |       |     2 |     7 |     1 ||    10
  Use: Potion            |       |       |       |     1 ||     1
Armor: Robe              |       |       |       |     1 ||     1
Dodge: Dodged            |       |     1 |     3 |    17 ||    21
